Zazza, neutral female human Tourist ---- ---- --..| ----|..-- ----- ---------- ---- |...| ------|..--...| |...----.|......| ---..| ---- |...---- ---.--.-|.......--- |............--.--|....| --..------.....|--.......|...----..| ---.----.....--...|..--- |......| |.<...||............-- |..| |.| |..............| --....--- |....----............| ---- |.---.......---....-------- |...--- ---.--h----............| |.......--.-- ---...--.--.------ --..-- |...--@..|.............| |........|-- |...............| |...----.|...I|.|.......---...| |........| --...............-- --...|...|-...|.........---...-- |.....|.-- ---|........--.......| --....------.|--........|.....-- |.--.---- --.--.......----....>.| --...| |.||.....--.........--------|.|--- |....---....| |.....-- --- |.--- |.|--....|--...............--.| ---- |....|--...-- --...-- --.------.| |.| |..--- --......------.....| |..----...||....| |...| |....|.|..| --.| |.-- |....--- --......----...| |..----.|.---------- |.........| |..| --- ---.-- |..............------ --|.....-- --........| |..--- --- |........|......| ---....| |.....--.| --...| --...--.----....| |....| ---.------ ---.| |..----- ------ ---.-- --- --- ---- --- Zazza the Rambler Experience level: 1 Strength: 10 Dexterity: 10 Constitution: 12 Intelligence: 16 Wisdom: 8 Charisma: 18 Health: 0(10) Energy: 2(2) Def: 0 Gold: 337 Moves: 1183 Dungeon seed: RRP2biytqfFyOj8M Game ID: Zazza_1619690422 Your Inventory: Coins $ - 337 gold pieces Weapons a - 22 +2 darts (in quiver) p - 9 +0 ya w - a +0 scimitar Armor e - an uncursed +0 Hawaiian shirt (being worn) r - an uncursed +0 orcish helm Comestibles b - 7 uncursed food rations c - an uncursed tripe ration d - an uncursed candy bar f - an uncursed banana g - an uncursed slime mold s - an uncursed lichen corpse v - an uncursed lembas wafer x - an uncursed fortune cookie Scrolls j - an uncursed scroll of magic mapping o - a cursed scroll of charging q - an uncursed scroll of identify Potions i - 2 uncursed potions of extra healing t - an uncursed potion of speed u - an uncursed potion of paralysis Tools k - an expensive camera (0:92) l - an uncursed credit card m - an uncursed leash Gems n - 2 uncursed worthless pieces of black glass Spells and supernatural/magical abilities: Name Level Category Fail Memory W - pray for help -- divine ? -- Your skills at the end: Fighting Skills Weapon Skills dart [Basic] Spellcasting Skills Final Attributes: You were nominally aligned. You were lucky. You are dead. Vanquished creatures: an acid blob a coyote a green mold a goblin a sewer rat 2 grid bugs 6 lichens 2 kobold zombies 2 newts 17 creatures vanquished. Voluntary challenges: You followed a strict vegan diet. You were an atheist. You never hit with a wielded weapon. You read items or engraved 5 times, starting on turn 456. You never genocided any monsters. You never polymorphed an object. You never changed form. You used no wishes. You never split a pudding. You wrote Elbereth's name 1 time, starting on turn 980. You never violated your personal moral code. Dungeon overview: The Dungeons of Doom: levels 1 to 3 Level 1 a sink a long staircase Level 2 some fountains Level 3 a general store, a fountain stairs to The Gnomish Mines The Gnomish Mines: Level 4 <- You were here stairs to The Dungeons of Doom History has recorded: On T:1 you entered the Dungeons of Doom to retrieve the Amulet of Yendor! On T:176 you reached level 2 of The Dungeons of Doom. On T:869 you reached level 3 of The Dungeons of Doom. On T:1176 you reached level 1 of The Gnomish Mines. Score breakdown: Gold: 204 ( 7863 points) Experience: 1 level ( 0 points) Exploration: 4 levels ( 8.70%) ( 7745 points) Discoveries: 0 items ( 0.00%) ( 0 points) Valuables value: (no points given unless you survive) Artifact value: 0 ( 0 points) Variety of kills: 9 monsters ( 2.36%) ( 4610 points) Turncount: 1183 turns ( 0 points) Survival: died (score multiplied by 80%) Total score: 16174 Latest messages: That door is closed. (2x) You succeed in picking the lock. The door opens. The kobold zombie hits! You displace Armand. Armand bites the kobold zombie. The kobold zombie is destroyed! Armand bites the lichen. The lichen is killed! You displace Armand. You see here a kobold corpse. A cloud of gas puts you to sleep! You wake up. You stop. Armand is in the way! You displace Armand. As you read the scroll, it disappears. A map coalesces in your mind! You hear a chugging sound. The bugbear hits! Wait! There's something there you can't see! It hits! You die... Final status: Aloha Zazza the Tourist, killed by an invisible gnome lord... You died in The Gnomish Mines on dungeon level 4 with 16174 points, and 337 pieces of gold, after 1183 moves. You were level 1 with a maximum of 10 hit points when you died.